Map: Lightshade LE

Players

Astrea - Winner!

  • Race: Protoss Protoss

Semper

  • Race: Terran Terran

Event: DreamHack SC2 Masters 2021 Fall

VOD

Have the link to the VOD?

Description

Time

  • Played on: Aug. 5, 2021, 3:18 p.m.
  • Length: 16:13

All games in this series

Show
View Real Time Build Order
Export as new Build Order

Astrea Protoss - Winner!

Build Orders: Blink Stalkers, Colossus Rush 

Get SALT Encoding   

  12  0:00  Probe  
  13  0:13  Pylon  
  13  0:17  Probe  
  14  0:32  Gateway  
  14  0:34  Probe (Chrono Boost)  
  15  0:39  Assimilator  
  15  0:44  Probe (Chrono Boost)  
  16  0:51  Probe  
  17  1:03  Probe  
  18  1:13  Pylon  
  18  1:15  Probe  
  19  1:19  Cybernetics Core, Zealot  
  21  1:27  Probe  
  22  1:46  Nexus  
  22  1:50  Probe  
  22  1:53  Adept (Chrono Boost)  
  23  1:58  Warp Gate  
  25  2:03  Probe  
  25  2:06  Assimilator  
  26  2:14  Adept (Chrono Boost)  
  26  2:15  Probe  
  29  2:23  Pylon  
  29  2:27  Probe  
  30  2:37  Twilight Council  
  30  2:39  Probe  
  31  2:56  Probe (Chrono Boost)  
  33  2:58  Probe (Chrono Boost)  
  33  3:00  Gateway  
  34  3:08  Probe (Chrono Boost)  
  34  3:09  Blink (Chrono Boost), Probe (Chrono Boost)  
  35  3:17  Probe  
  35  3:18  Probe  
  37  3:27  Robotics Facility  
  37  3:29  Probe  
  37  3:30  Probe  
  39  3:41  Probe  
  39  3:42  Probe  
  39  3:47  Sentry  
  43  3:48  Pylon  
  43  3:53  Probe  
  43  3:54  Probe  
  45  3:57  Assimilator  
  45  4:01  Assimilator, Shield Battery, Stalker  
  47  4:05  Probe  
  47  4:06  Probe  
  49  4:12  Phoenix  
  49  4:13  Pylon  
  47  4:17  Probe  
  47  4:18  Probe, Robotics Bay  
  49  4:29  Probe  
  49  4:30  Probe  
  51  4:32  Observer  
  50  4:42  Probe  
  50  4:45  Probe  
  52  4:49  Stalker x2  
  56  4:54  Observer (Chrono Boost)  
  56  4:56  Charge, Pylon  
  56  4:58  Nexus  
  56  4:59  Probe x2  
  59  5:10  Colossus (Chrono Boost)  
  65  5:22  Stalker x2  
  65  5:25  Observer  
  65  5:27  Pylon  
  69  5:33  Probe x2  
  67  5:42  Pylon  
  67  5:47  Probe  
  67  5:49  Colossus (Chrono Boost)  
  70  5:54  Stalker x2  
  74  5:58  Probe  
  75  6:07  Pylon  
  75  6:09  Probe  
  76  6:12  Probe  
  75  6:21  Probe  
  75  6:23  Nexus, Observer  
  75  6:24  Probe  
  77  6:25  Extended Thermal Lance  
  77  6:30  Forge  
  77  6:33  Probe  
  77  6:36  Probe, Warp Prism (Chrono Boost)  
  77  6:37  Observer  
  81  6:45  Probe  
  82  6:48  Probe  
  83  6:54  Pylon  
  83  6:57  Gateway, Probe  
  83  6:58  Gateway  
  83  7:00  Probe  
  84  7:04  Protoss Ground Weapons Level 1 (Chrono Boost)  
  84  7:10  Probe  
  84  7:12  Probe  
  84  7:15  Observer  
  86  7:22  Probe  
  81  7:23  Stalker x2  
  81  7:24  Probe  
  81  7:29  Templar Archives  
  86  7:34  Probe (Chrono Boost)  
  88  7:37  Probe (Chrono Boost)  
  88  7:39  Probe (Chrono Boost)  
  88  7:41  Colossus  
  96  7:46  Probe (Chrono Boost)  
  96  7:48  Probe x2 (Chrono Boost)  
  96  7:50  Gateway, Sentry x2  
  96  7:51  Probe (Chrono Boost)  
  102  7:52  Probe (Chrono Boost)  
  102  7:53  Probe (Chrono Boost)  
  102  7:54  Adept  
  107  8:00  Probe  
  107  8:03  Probe  
  109  8:13  Assimilator x2  
  109  8:14  Pylon  
  109  8:15  Gateway  
  109  8:16  Gateway  
  109  8:19  Pylon  
  109  8:20  Pylon  
  109  8:32  Probe x2  
  111  8:36  Zealot x3  
  111  8:37  Zealot  
  111  8:38  Immortal  
  123  8:44  Protoss Ground Weapons Level 2 (Chrono Boost)  
  123  8:54  Zealot  
  125  8:58  Zealot x4  
  125  9:02  Pylon x2  
  133  9:03  Pylon  
  133  9:09  Shield Battery  
  133  9:10  Pylon  
  133  9:20  Forge, Immortal  
  133  9:22  Pylon  
  137  9:25  Nexus  
  137  9:26  High Templar  
  137  9:27  High Templar  
  137  9:28  High Templar x3  
  147  9:32  Archon x2  
  147  9:35  High Templar  
  147  9:36  Zealot  
  151  9:49  Gateway  
  151  9:54  Pylon  
  151  9:55  Archon  
  151  10:00  Photon Cannon  
  151  10:01  Disruptor  
  151  10:03  Zealot x5, Robotics Facility  
  151  10:06  Pylon  
  164  10:09  High Templar x2  
  164  10:14  Archon  
  168  10:20  Protoss Ground Armor Level 1 (Chrono Boost)  
  165  10:34  High Templar x2  
  165  10:35  Zealot x3  
  171  10:38  Probe x3  
  171  10:40  Pylon  
  174  10:44  Zealot x2  
  174  10:45  Protoss Ground Weapons Level 3 (Chrono Boost), Zealot  
  172  10:52  Disruptor (Chrono Boost), Probe x2  
  172  10:53  Probe  
  176  11:04  Shield Battery  
  176  11:06  Photon Cannon  
  176  11:09  Probe x4  
  180  11:13  Zealot  
  180  11:15  Dark Shrine  
  180  11:18  Archon  
  184  11:29  Observer (Chrono Boost)  
  184  11:30  Zealot x7  
  184  11:31  Disruptor (Chrono Boost)  
  196  11:34  Gateway  
  196  11:36  Gateway  
  196  11:37  Gravitic Boosters, Gateway  
  196  11:41  Observer  
  196  11:43  Gateway  
  196  11:46  Photon Cannon  
  195  11:48  Photon Cannon  
  195  11:50  Shield Battery  
  193  12:04  Photon Cannon, Protoss Ground Armor Level 2 (Chrono Boost)  
  193  12:05  Photon Cannon  
  193  12:07  Photon Cannon  
  193  12:08  Shield Battery  
  193  12:11  Pylon  
  193  12:13  Assimilator, Disruptor x2  
  199  12:17  Assimilator  
  199  12:23  Observer  
  199  12:24  Gateway  
  199  12:25  Gateway  
  197  12:38  Nexus  
  197  12:48  Disruptor (Chrono Boost)  
  200  12:53  Shadow Stride (Chrono Boost)  
  200  12:58  Pylon  
  200  13:01  Assimilator  
  200  13:05  Assimilator  
  198  13:14  Observer (Chrono Boost)  
  196  13:21  Stargate  
  196  13:22  Observer (Chrono Boost)  
  196  13:24  Photon Cannon  
  196  13:26  Photon Cannon  
  197  13:27  Shield Battery  
  197  13:30  Pylon  
  197  13:33  Protoss Air Weapons Level 1  
  191  13:50  Protoss Shields Level 1 (Chrono Boost)  
  191  13:55  Observer x2  
  183  14:15  Fleet Beacon  
  183  14:17  Stargate  
  183  14:24  Stargate  
  183  14:39  Observer x2  
  183  15:06  Disruptor (Chrono Boost)  
  169  15:13  Dark Templar x14, Observer  
  169  15:14  Disruptor (Chrono Boost)  
  181  15:49  Zealot x9  
  182  16:03  Stalker x5  
  164  16:09  Stalker x2  
  164  16:10  Stalker x7  
Show
View Real Time Build Order
Export as new Build Order

Semper Terran 

Build Orders: Banshee Rush 

Get SALT Encoding   

  12  0:00  SCV  
  13  0:12  SCV  
  14  0:17  Supply Depot  
  14  0:24  SCV  
  15  0:39  SCV  
  15  0:40  Barracks  
  16  0:44  Refinery  
  16  0:51  SCV  
  17  1:03  SCV  
  18  1:15  SCV  
  19  1:28  Marine, Orbital Command  
  20  1:43  Command Center  
  20  1:47  Barracks Reactor  
  20  1:54  Supply Depot, SCV  
  21  2:05  Factory  
  21  2:08  SCV  
  21  2:14  Refinery  
  22  2:20  SCV  
  23  2:23  Marine x2  
  25  2:33  SCV  
  26  2:41  Marine x2  
  28  2:49  Starport  
  28  2:50  Hellion  
  30  2:52  SCV  
  30  2:56  Orbital Command  
  31  3:02  Marine x2  
  33  3:07  SCV  
  34  3:16  Factory Tech Lab  
  34  3:19  SCV  
  35  3:21  Orbital Command  
  35  3:23  Marine x2  
  37  3:27  Starport Tech Lab  
  37  3:30  Supply Depot  
  37  3:31  SCV  
  38  3:35  Siege Tank  
  41  3:45  SCV  
  41  3:46  SCV  
  43  3:49  Banshee  
  43  3:51  Cloaking Field  
  46  3:58  SCV  
  47  4:04  Marine x2  
  47  4:05  SCV  
  47  4:06  Refinery  
  50  4:10  Supply Depot  
  53  4:17  Siege Tank  
  53  4:18  SCV  
  54  4:31  Marine x2, SCV  
  54  4:34  Banshee  
  54  4:37  SCV  
  59  4:39  Supply Depot  
  59  4:43  SCV  
  59  4:45  Engineering Bay  
  60  4:51  SCV  
  61  4:59  SCV  
  62  5:01  Siege Tank  
  62  5:02  Marine x2  
  67  5:09  Barracks  
  67  5:14  Terran Infantry Weapons Level 1  
  67  5:22  SCV x2  
  67  5:26  Supply Depot  
  69  5:34  Bunker  
  69  5:35  Bunker  
  69  5:47  SCV, Siege Tank  
  69  5:49  Supply Depot, Barracks  
  73  5:56  Marine x2  
  75  6:01  SCV  
  75  6:13  SCV  
  75  6:17  Barracks Tech Lab  
  70  6:19  SCV  
  70  6:22  Command Center  
  70  6:24  Starport Reactor  
  70  6:25  Supply Depot, SCV  
  72  6:26  Refinery  
  72  6:28  Supply Depot  
  72  6:30  Marine x2  
  73  6:33  SCV  
  74  6:48  Marine, Marauder  
  74  6:50  Barracks Tech Lab, Stimpack  
  74  6:51  Siege Tank  
  80  6:54  SCV x2  
  81  7:06  SCV  
  81  7:07  SCV  
  78  7:10  Marauder  
  78  7:14  Medivac x2  
  78  7:18  SCV  
  78  7:19  Marine, Marauder  
  78  7:20  SCV  
  76  7:27  Barracks  
  76  7:30  SCV, Barracks  
  76  7:32  SCV  
  76  7:34  Terran Infantry Armor Level 1  
  78  7:39  Marine, Orbital Command  
  78  7:42  SCV  
  67  7:51  Medivac x2  
  80  7:55  Marine  
  80  7:56  Marine, Marauder  
  86  8:03  SCV  
  86  8:04  SCV  
  83  8:12  Orbital Command  
  83  8:15  SCV  
  83  8:16  SCV  
  85  8:23  Siege Tank  
  85  8:26  Barracks Reactor  
  87  8:28  SCV  
  87  8:29  SCV  
  88  8:35  Marine, Missile Turret  
  88  8:36  Marine, Marauder x2  
  88  8:37  Barracks Tech Lab  
  88  8:40  SCV, Medivac x2  
  99  8:47  SCV  
  99  8:48  SCV  
  101  8:52  SCV  
  101  8:59  Missile Turret  
  101  9:00  SCV x2  
  103  9:05  SCV  
  103  9:08  Armory  
  103  9:09  Viking, Engineering Bay  
  104  9:12  SCV, Concussive Shells, Combat Shield  
  104  9:15  SCV  
  108  9:20  SCV  
  108  9:21  Missile Turret  
  109  9:26  Marine x3, Marauder x2  
  116  9:32  Supply Depot x2  
  116  9:33  SCV  
  116  9:34  SCV  
  118  9:39  Marine  
  118  9:40  Marauder  
  118  9:42  SCV  
  118  9:43  Marine  
  118  9:44  Marine x2  
  125  9:54  Viking x2, SCV  
  125  9:55  Supply Depot  
  125  9:59  Refinery  
  130  10:00  Refinery  
  130  10:02  Terran Infantry Weapons Level 2  
  130  10:03  Terran Infantry Armor Level 2  
  130  10:09  Marine  
  130  10:10  Ghost Academy  
  130  10:11  Marine  
  130  10:12  Marine  
  133  10:25  Marine, Marauder  
  133  10:27  Viking x2  
  137  10:40  Command Center  
  137  10:43  Marine, Ghost  
  132  10:56  Marine, Ghost x2  
  132  10:57  Marine x2, Enhanced Shockwaves  
  131  10:59  Terran Vehicle Weapons Level 1  
  131  11:02  Siege Tank  
  131  11:04  SCV  
  135  11:05  SCV  
  135  11:11  Marine  
  137  11:12  Marine, SCV  
  137  11:17  Sensor Tower  
  139  11:20  Bunker  
  139  11:21  SCV  
  139  11:23  Supply Depot  
  139  11:24  SCV x2  
  142  11:33  SCV, Supply Depot  
  142  11:34  Viking  
  142  11:36  SCV  
  142  11:38  Viking  
  148  11:44  SCV  
  148  11:45  SCV  
  150  11:51  Missile Turret  
  150  12:00  Ghost x2  
  150  12:01  Marine x5  
  155  12:04  Viking, Supply Depot  
  161  12:08  Viking  
  161  12:09  Supply Depot  
  163  12:17  Supply Depot  
  163  12:19  Marine, Marauder  
  166  12:24  Barracks  
  166  12:25  Barracks, Starport  
  166  12:29  Planetary Fortress, Missile Turret  
  166  12:30  SCV x2  
  166  12:35  SCV  
  169  12:40  Bunker, Missile Turret  
  169  12:42  SCV  
  170  12:47  Viking x2  
  170  12:48  Missile Turret  
  174  13:08  Marine, Marauder x2  
  174  13:11  Sensor Tower  
  179  13:14  Barracks Tech Lab x2  
  179  13:15  Marine x3, Marauder  
  179  13:17  Viking x2  
  188  13:21  Starport Reactor  
  188  13:25  Marine  
  189  13:29  Marine, Marauder  
  192  13:52  Ghost x2  
  192  13:54  Supply Depot  
  196  14:05  Marine x2  
  196  14:12  Bunker  
  196  14:15  Ghost  
  196  14:16  Marauder  
  200  14:18  Terran Ship Weapons Level 1  
  198  14:48  Refinery x2  
  198  14:49  Command Center  
  198  14:50  Command Center  
  198  14:52  Command Center  
  197  14:55  Command Center  
  193  15:01  Marine  
  193  15:02  Marine x6, Marauder  
  192  15:14  SCV x4  
  184  15:17  Bunker  
  182  15:26  SCV  
  182  15:27  Marine x8, SCV x3  
  182  15:28  Marauder  
  186  15:45  Marine x7  
  186  15:49  Marine  

Tags
 
Add a new tag
Caveats
  • Supply blocks, unpowered buildings, or Contaminate may cause inaccurate times.
  • Supply counts are checked every 10 seconds.